 Dungeon Crawl Stone Soup version 0.23-a0-307-gc3b755d (webtiles) character file.

1146 Ijustatesigmund the Conjurer (level 8, -15/52 HPs)
             Began as an Octopode Wizard on Oct 9, 2018.
             Was a Follower of Cheibriados.
             Demolished by an orc warrior
             ... wielding a +0 halberd
              (22 damage)
             ... on level 6 of the Dungeon on Oct 10, 2018.
             The game lasted 00:17:01 (8285 turns).

Ijustatesigmund the Conjurer (Octopode Wizard)      Turns: 8285, Time: 00:17:02

Health: -15/52     AC: -2    Str: 14    XL:     8   Next: 38%
Magic:  8/12       EV: 21    Int: 23    God:    Cheibriados [*.....]
Gold:   273        SH:  0    Dex: 20    Spells: 7/13 levels left

rFire    . . .     SeeInvis .   k - +2 spear (freeze)
rCold    + . .     Gourm    .   (no shield)
rNeg     . . .     Faith    .   a - +1 hat
rPois    .         Spirit   .   (no amulet)
rElec    .         Reflect  .   b - ring of wizardry
rCorr    .         Harm     .   i - +4 ring of strength
MR       .....                  r - ring of stealth
Stlth    ++++++....             v - ring of protection from cold
HPRegen  0.17/turn              (no ring)
MPRegen  0.13/turn              (no ring)
                                (no ring)
                                (no ring)

@: agile, corroded, flying, very slow
A: almost no armour, stealthy swim, amphibious, 8 rings, constrict 8, camouflage
1, gelatinous body 1
a: Bend Time, Renounce Religion


You were on level 6 of the Dungeon.
You worshipped Cheibriados.
Cheibriados was aware of your devotion.
You were hungry.

You visited 1 branch of the dungeon, and saw 6 of its levels.

You collected 273 gold pieces.

Inventory:

Hand Weapons
 g - a +0 dagger
 k - a +2 spear of freezing (weapon)
 s - the +0 rapier "Tottyt" {pierce, +Fly}
   (You found it on level 5 of the Dungeon)

   It inflicts extra damage upon your enemies.
   It lets you fly.
 w - a cursed +0 short sword
Missiles
 d - a throwing net (quivered)
 l - 6 javelins
Armour
 a - a +1 hat (worn)
 t - a +0 shield
Jewellery
 b - a ring of wizardry (left tentacle)
 i - a +4 ring of strength (right tentacle)
 r - a ring of stealth (on tentacle)
 v - a ring of protection from cold (on tentacle)
Wands
 o - a wand of polymorph (21)
Scrolls
 m - a scroll of magic mapping
 q - a scroll of teleportation
Potions
 f - a potion of agility
 n - 2 potions of berserk rage
Comestibles
 c - 7 rations
 u - 3 chunks of flesh


   Skills:
 - Level 3.4 Fighting
 - Level 3.0 Polearms
 - Level 4.1 Dodging
 - Level 5.0 Stealth
 + Level 1.7 Shields
 - Level 3.0 Spellcasting
 - Level 5.2 Conjurations
   Level 1.0 Summonings
 - Level 1.0 Translocations
 + Level 3.8 Invocations


You had 7 spell levels left.
You knew the following spells:

 Your Spells              Type           Power        Failure   Level  Hunger
a - Magic Dart            Conj           ####         1%          1    None
b - Blink                 Tloc           N/A          4%          2    ##.....
c - Mephitic Cloud        Conj/Pois/Air  ##......     7%          3    ###....

Your spell library contained the following spells:

 Spells                   Type           Power        Failure   Level  Hunger
 Summon Small Mammal      Summ           #...         3%          1    None
 Call Imp                 Summ           #.......     4%          2    ##.....
 Conjure Flame            Conj/Fire      ###.....     4%          3    ###....
 Slow                     Hex            #.......     7%          2    ##.....
 Call Canine Familiar     Summ           #.......     9%          3    ###....
 Summon Guardian Golem    Hex/Summ       #.......     12%         3    ###....
 Summon Ice Beast         Ice/Summ       #.......     34%         4    ####...
 Summon Lightning Spire   Summ/Air       #.......     34%         4    ####...


Dungeon Overview and Level Annotations

Branches:
Dungeon (6/15)
 Temple: D:4-7

Altars:
Cheibriados
Hepliaklqana
Makhleb
Nemelex Xobeh
Okawaru
Trog
Uskayaw
Xom
Zin

Annotations:
D:4 Grinder
D:6 1 runed door, Ijustatesigmund's ghost, novice OpCj


Innate Abilities, Weirdness & Mutations

You cannot wear most types of armour.
You are very stealthy in the water. (Stealth+)
You are amphibious.
You can wear up to eight rings at the same time.
You can use your tentacles to constrict eight enemies at once.
Your skin changes colour to match your surroundings (Stealth+).
Your rubbery body absorbs attacks. (AC +1, EV +1)


Message History

The acid corrodes you!
You are splashed with acid!
The acid burns!
* * * LOW HITPOINT WARNING * * *
It was a potion of flight.
You feel very buoyant.
You fly up into the air.
The jelly barely misses you.
The orc barely misses the orc warrior.
It was a potion of curing.
You feel better.
You feel less invigorated. The jelly barely misses you.
Casting: Mephitic Cloud (safe; 7% risk of failure)
Confirm with . or Enter, or press ? or * to list all spells.
You blink.
The jelly hits you.
* * * LOW HITPOINT WARNING * * *
You are splashed with acid!
The acid burns!
* * * LOW HITPOINT WARNING * * *
Casting: Blink (safe; 4% risk of failure)
Confirm with . or Enter, or press ? or * to list all spells.
You blink.
The orc warrior seems less confused.
There is a stone staircase leading up here.
The orc warrior hits you from afar with a halberd!!
You die...

##[.>..########
............)...#
######.########.# #.#
#.### #.# #...# ##'##
#####.## ##...## #..)....
##.....## #.###.#.
##@.Jo...###.##..#. ###
####.....o...##.#..#..
...
.....'.o.......'........
###
..####.....ยง...##.#...#.
##.).....###.......
##.....## #####.##
##...## .# ##'## .# #.#


You could see an orc warrior, a jelly and 2 orcs.

Vanquished Creatures
  Sigmund (D:4)
  An ice beast (D:5)
  An ogre (D:6)
  3 scorpions (D:6)
  A bullfrog zombie (D:6)
  A crimson imp (D:5)
  A quasit (D:6)
  Crazy Yiuf (D:2)
  2 orc priests (D:6)
  2 orc wizards (D:6)
  Natasha (D:4)
  An iguana (D:5)
  3 worker ants
  A hound skeleton (D:6)
  Robin (D:2)
  4 gnolls (D:3)
  4 river rats (D:5)
  6 adders
  An ooze (D:2)
  2 adder skeletons
  3 worms
  3 dart slugs
  2 leopard geckos (D:1)
  11 orcs
  4 ball pythons
  8 bats
  5 giant cockroaches
  14 hobgoblins
  8 jackals (D:1)
  2 quokkas
  3 frilled lizards (D:1)
  18 goblins
  7 kobolds
  2 leopard gecko zombies (D:5)
  8 rats
136 creatures vanquished.

Notes
Turn   | Place    | Note
-------+----------+-------------------------------------------
     0 | D:1      | Ijustatesigmund the Octopode Wizard began the quest for the
                  | Orb.
     0 | D:1      | Reached XP level 1. HP: 11/11 MP: 4/4
   377 | D:1      | Reached XP level 2. HP: 17/17 MP: 3/6
   390 | D:1      | Learned a level 2 spell: Blink
  1280 | D:1      | Reached XP level 3. HP: 16/21 MP: 2/7
  2620 | D:2      | Reached XP level 4. HP: 27/27 MP: 1/8
  2685 | D:2      | Learned a level 3 spell: Mephitic Cloud
  2744 | D:2      | Found a hide-covered altar of Uskayaw.
  3470 | D:2      | Noticed Robin
  3507 | D:2      | Reached XP level 5. HP: 22/31 MP: 2/9
  3734 | D:2      | Found a burning altar of Makhleb.
  3735 | D:2      | Found a glowing silver altar of Zin.
  3735 | D:2      | Noticed an angel
  3736 | D:2      | Noticed a blizzard demon
  3753 | D:2      | Killed Robin
  3886 | D:2      | Found a runed door.
  3970 | D:2      | Noticed Crazy Yiuf
  3982 | D:2      | Killed Crazy Yiuf
  3982 | D:2      | Reached skill level 5 in Conjurations
  4438 | D:3      | Found a hazy altar of Hepliaklqana.
  4754 | D:3      | Found a shimmering altar of Xom.
  4756 | D:3      | Found a shimmering altar of Xom.
  4757 | D:3      | Found a shimmering altar of Xom.
  4885 | D:3      | Reached skill level 1 in Fighting
  4894 | D:3      | Reached XP level 6. HP: 21/38 MP: 0/10
  5259 | D:3      | Found an iron altar of Okawaru.
  5260 | D:3      | Found a bloodstained altar of Trog.
  5269 | D:3      | Found a snail-covered altar of Cheibriados.
  5274 | D:3      | Found a shimmering altar of Xom.
  5274 | D:3      | Found a shimmering altar of Xom.
  5286 | D:3      | Found a shimmering altar of Xom.
  5292 | D:3      | Found a shimmering altar of Xom.
  5292 | D:3      | Found a shimmering altar of Xom.
  5455 | D:3      | Became a worshipper of Cheibriados the Contemplative
  5680 | D:4      | Noticed Sigmund
  5717 | D:4      | Noticed Natasha
  5719 | D:4      | Noticed Grinder
  5721 | D:4      | Killed Sigmund
  5721 | D:4      | Reached skill level 1 in Polearms
  5721 | D:4      | Reached XP level 7. HP: 45/45 MP: 6/11
  5725 | D:4      | Killed Natasha
  5948 | D:5      | Entered Level 5 of the Dungeon
  5952 | D:5      | Found an iron altar of Okawaru.
  6070 | D:5      | Found a sparkling altar of Nemelex Xobeh.
  6503 | D:5      | Upgraded the game from 0.23-a0-305-g7ffd15e to
                  | 0.23-a0-307-gc3b755d
  6674 | D:5      | Got a jewelled rapier
  6675 | D:5      | Identified the +0 rapier "Tottyt" {pierce, +Fly} (You found
                  | it on level 5 of the Dungeon)
  6830 | D:5      | Reached * piety under Cheibriados
  7323 | D:6      | Reached skill level 1 in Invocations
  7568 | D:6      | Reached XP level 8. HP: 48/52 MP: 5/12
  7633 | D:6      | Found a runed door.
  7633 | D:6      | Noticed Ijustatesigmund's ghost (novice OpCj)
  7824 | D:6      | Reached skill level 5 in Stealth
  7933 | D:6      | Reached skill level 1 in Shields
  8279 | D:6      | HP: 1/52 [acid (10)]
  8285 | D:6      | Demolished by an orc warrior

Vault maps used:
D:1:      minmay_arrival_solitary_statue
D:2:      grunt_temple_overflow_order_and_chaos_2, lemuel_round_altar,
          uniq_robin, uniq_crazy_yiuf_cottage
D:3:      gammafunk_temple_overflow_statue, cheibriados_altar_1,
          xom_redecorated, lemuel_coloured_pillars_altar, dk_vineyard_1,
          kennysheep_orc_chapel
D:4:      first_ration, uniq_grinder, uniq_natasha, uniq_eustachio, uniq_sigmund
D:5:      wad_woods_stonehenge, kennysheep_okawaru_gauntlet
D:6:      ebering_ghost_inner_flame

Skill      XL: |  1  2  3  4  5  6  7  8 |
---------------+-------------------------+-----
Conjurations   | 2 3 4 5 |  5.2
Fighting       | 1 2 3 |  3.4
Polearms       | 1 3 |  3.0
Dodging        | 3 4 |  4.1
Stealth        | 4 5 |  5.0
Invocations    | 2 3 |  3.8
Shields        | 1 |  1.7
Spellcasting   | |  3.0
Summonings     | |  1.0
Translocations | |  1.0

Action                   |  1- 3 |  4- 6 |  7- 9 || total
-------------------------+-------+-------+-------++-------
Melee: Unarmed           |    48 |       |       ||    48
       Constrict         |    11 |    13 |    26 ||    50
       Tentacles         |     9 |    12 |    19 ||    40
       Dagger            |       |    30 |       ||    30
       Spear             |       |    16 |    96 ||   112
 Cast: Magic Dart        |    59 |   115 |    44 ||   218
       Mephitic Cloud    |       |     4 |     7 ||    11
       Blink             |       |       |     4 ||     4
  Use: Scroll            |       |     4 |     3 ||     7
       Potion            |       |       |     5 ||     5
 Stab: Sleeping          |       |     1 |     9 ||    10
       Confused          |       |       |     1 ||     1
  Eat: Chunk             |     5 |     6 |     3 ||    14
       Ration            |       |     1 |     1 ||     2
Armor: Skin              |     4 |       |     3 ||     7
Dodge: Dodged            |    37 |    44 |    55 ||   136

Table legend:
 A = Non-vault XP
 B = Vault XP
 C = Vault XP percentage of total XP
 D = Non-vault monster count
 E = Vault monster count
 F = Vault count percentage of total count
                 A         B        C        D         E       F
            +---------+---------+-------+---------+---------+-------
      Total |    1235 |     403 |  24.6 |     114 |      22 |  16.2
            +---------+---------+-------+---------+---------+-------
        D:1 |      55 |       0 |   0.0 |      30 |       0 |   0.0
        D:2 |     109 |      77 |  41.4 |      25 |      13 |  34.2
        D:3 |      94 |       0 |   0.0 |      22 |       0 |   0.0
        D:4 |      71 |     266 |  78.9 |       4 |       2 |  33.3
        D:5 |     274 |      60 |  18.0 |      12 |       7 |  36.8
        D:6 |     632 |       0 |   0.0 |      21 |       0 |   0.0
            +---------+---------+-------+---------+---------+-------
